 Dungeon Crawl Stone Soup version 0.31-a0-263-ge8cad7f256 (webtiles) character file.

Game seed: 4248275312992895526

18204 Strat the Spear-Bearer (level 12, -6/74 (87) HPs)
             Began as a Demonspawn Reaver on July 13, 2023.
             Was a Priest of Makhleb.
             Killed by divine providence
             ... invoked by a meliai
              (12 damage)
             ... on level 3 of the Lair of Beasts.
             The game lasted 00:39:39 (15121 turns).

Strat the Spear-Bearer (Demonspawn Reaver)         Turns: 15121, Time: 00:39:39

HP:   -6/74 (87)    AC: 15    Str: 17    XL:     12   Next: 25%
MP:   0/19          EV: 16    Int: 16    God:    Makhleb [***...]
Gold: 1309          SH:  0    Dex: 11    Spells: 12/15 levels left

rFire   . . .        A - +0 halberd
rCold   + . .        (shield currently unavailable)
rNeg    . . .        d - +2 ring mail {rC+}
rPois   .            N - +2 helmet
rElec   .            b - +1 cloak
rCorr   .            (no gloves)
SInv    .            z - +0 pair of boots
Will    +....        q - amulet of guardian spirit
Stlth   +            I - ring of willpower
HPRegen 1.32/turn    s - +5 ring of evasion
MPRegen 0.16/turn

%: guardian spirit
@: lethally poisoned (-6 -> -8), hasted, heavily drained, very quick
A: ignite blood 2, powered by death 2, weakness stinger 1, frail 1
a: Renounce Religion, Minor Destruction, Lesser Servant of Makhleb


You were on level 3 of the Lair of Beasts.
You worshipped Makhleb.
Makhleb was most pleased with you.
You visited 3 branches of the dungeon, and saw 15 of its levels.

You collected 1484 gold pieces.
You spent 175 gold pieces at shops.

Inventory:

Hand Weapons
 a - a +0 spear
 A - a +0 halberd (weapon)
 D - a +0 trident
Missiles
 e - 91 poisoned darts
 j - 5 curare-tipped darts
Armour
 b - a +1 cloak (worn)
 d - a +2 ring mail of cold resistance (worn)
 l - a +0 cloak of stealth
 z - a +0 pair of boots (worn)
 E - a +0 buckler
 G - a +0 kite shield
 N - a +2 helmet (worn)
Jewellery
 h - a ring of flight
 i - a ring of protection from fire
 p - a ring of magical power
 q - an amulet of guardian spirit (around neck)
 s - a +5 ring of evasion (right hand)
 u - a ring of see invisible
 y - an amulet of reflection
 F - a +5 ring of evasion
 I - a ring of willpower (left hand)
 L - a ring of protection from cold
Wands
 x - a wand of digging (3)
 H - a wand of polymorph (16)
 K - a wand of flame (22)
Scrolls
 c - 4 scrolls of identify
 f - a scroll of amnesia
 m - 3 scrolls of revelation
 n - 5 scrolls of enchant weapon
 o - a scroll of blinking
 r - a scroll of fear
Potions
 g - 2 potions of lignification
 t - a potion of enlightenment
 v - 2 potions of haste
 C - 3 potions of attraction


   Skills:
 - Level 10.0 Fighting
 + Level 12.6 Polearms
 + Level 6.1 Armour
 - Level 1.7 Dodging
 - Level 2.0 Spellcasting
 - Level 6.0 Conjurations
 - Level 2.0 Necromancy
 - Level 2.0 Translocations
 + Level 10.1 Invocations


You had 12 spell levels left.
You knew the following spells:

 Your Spells              Type           Power      Damage    Failure   Level
a - Kiss of Death         Conj/Necr      56%        2d9       7%          1
b - Momentum Strike       Conj/Tloc      28%        3d8       10%         2

Your spell library contained the following spells:

 Spells                   Type           Power      Damage    Failure   Level
 Hailstorm                Conj/Ice       11%        3d5       30%         3
 Cigotuvi's Dreadful Rot  Necr/Pois/Air  6%         N/A       38%         2
 Ignite Poison            Fire/Tmut/Pois 1%         N/A       71%         3
 Animate Dead             Necr           8%         N/A       83%         4
 Borgnjor's Vile Clutch   Necr/Erth      2%         N/A       99%         5
 Freezing Cloud           Conj/Ice/Air   4%         6-21      99%         5
 Death Channel            Necr           4%         N/A       100%        6


Dungeon Overview and Level Annotations

Branches:
Dungeon (11/15)            Temple (1/1) D:6            Lair (3/5) D:8
 Shoals (0/4) Lair:2       Spider (0/4) Lair:3
    Orc: D:9-12

Altars:
Ashenzari
Cheibriados
Dithmenos
Fedhas
Gozag
Hepliaklqana
Kikubaaqudgha
Makhleb
Nemelex Xobeh
Okawaru
Qazlal
Ru
Sif Muna
Trog
Uskayaw
Vehumet
Wu Jian
Xom
Yredelemnul
Lugonu

Shops:
D:3 ?   D:10 **

Annotations:
D:4 2 transporters
D:9 Gastronok
Lair:2 3 runed translucent doors, Monkooky's ghost, journeyman KoSh; snackwell's ghost, journeyman MfSh
Lair:3 Fannar


Innate Abilities, Weirdness & Mutations

Your demonic aura often causes spilled blood to erupt in flames.
You regenerate health from kills.
You have a small tail.
You are frail. (-10% HP)


Message History

* * * LOW HITPOINT WARNING * * *
The meliai stings you but does no damage.
The meliai hits you with a +0 war axe!
* * * LOW HITPOINT WARNING * * *
The meliai closely misses something.
The meliai stings you.
* * * LOW HITPOINT WARNING * * *
You are poisoned.
The meliai poisons you!
Your ynoxinul gestures.
Your ufetubus is engulfed in blazing flames.
You kill your ufetubus!
Your ufetubus disappears in a puff of smoke!
You puncture the meliai!
The meliai is almost dead.
You feel very sick.
Your ufetubus disappears in a puff of smoke!
The meliai hits you but does no damage.
The meliai completely misses something.
The meliai stings you but does no damage.
Unknown command.
You barely miss the meliai.
The meliai is almost dead.
You feel very sick. The meliai misses you.
The meliai misses something.
The meliai barely misses you.
The meliai calls down the wrath of its god upon you.
Something smites you!
* * * LOW HITPOINT WARNING * * *
You miss the meliai.
The meliai is severely wounded.
You feel very sick.
The meliai invokes the aid of its god against you.
Something smites you!
* * * LOW HITPOINT WARNING * * *
The meliai barely misses you.
The meliai misses something.
The meliai closely misses you.
You feel yourself speed up.
You feel very sick.
The meliai calls down the wrath of its god upon you.
Something smites you!
You die...

##....#### ## ##
###...## ##.###
..###.#....####P.....
...........y.........
...........Fy........
.............y.......
##......####.####.#
###...######y#.#
#####....##.#@#.####
.......†...5°535.....
)...........555>.....
......................
##.#....#.[....#####.#
#.########....# #
####..P#.##...#..##
...................
...................


You could see a meliai (drained, ally target), a friendly ynoxinul (summoned)
and 6 friendly ufetubi.

Vanquished Creatures
  A jorogumo (D:11)
  A catoblepas (Lair:2)
  A boulder beetle (D:11)
  A two-headed ogre (D:11)
  A fire crab (D:10)
  A skyshark (Lair:3)
  Joseph (D:10)
  2 black mambas
  5 cane toads
  2 komodo dragons
  4 kobold demonologists
  Grinder (D:6)
  2 polar bears
  7 hornets
  Prince Ribbit (D:6)
  A blink frog (Lair:2)
  A basilisk (Lair:2)
  3 wyverns
  12 yaks
  A chaos spawn (D:10)
  Menkaure (D:6)
  11 water moccasins
  An ice beast (D:7)
  2 orc warriors
  A black bear (D:6)
  An ogre (D:5)
  4 wolves (Lair:2)
  A phantom (D:4)
  10 bullfrogs
  15 kobold brigands
  Blork the orc (D:6)
  A gnoll sergeant (D:6)
  4 scorpions
  7 wights
  3 killer bees
  2 howler monkeys (D:10)
  A jelly (D:6)
  4 orc priests
  7 hounds
  Crazy Yiuf (D:7)
  4 iguanas
  A sleepcap (D:5)
  13 orc wizards
  A mummy (D:6)
  12 gnolls
  7 adders
  2 white imps
  An ufetubus (D:6)
  A worm (D:2)
  2 dart slugs
  32 orcs
  5 ball pythons
  12 endoplasms
  6 giant cockroaches
  6 goblins
  8 hobgoblins
  6 jackals
  A quokka (D:2)
  7 bats
  22 kobolds
  7 rats
283 creatures vanquished.

Vanquished Creatures (collateral kills)
  A hornet (Lair:1)
  A wight (D:10)
2 creatures vanquished.

Grand Total: 285 creatures vanquished

Notes
Turn   | Place    | Note
-------+----------+-------------------------------------------
     0 | D:1      | Strat the Demonspawn Reaver began the quest for the Orb.
     0 | D:1      | Reached XP level 1. HP: 16/16 MP: 3/3
    99 | D:1      | Reached skill level 3 in Polearms
   279 | D:1      | Gained mutation: You have a small tail. [demonic ancestry]
   279 | D:1      | Reached XP level 2. HP: 22/22 MP: 5/5
   916 | D:2      | Gained mutation: You regenerate a little health from kills.
                  | [demonic ancestry]
   916 | D:2      | Reached XP level 3. HP: 23/27 MP: 6/6
   936 | D:2      | Learned a level 2 spell: Momentum Strike
  1149 | D:2      | Reached skill level 4 in Polearms
  1332 | D:2      | Found a faded altar of an unknown god.
  1873 | D:3      | Found The Oracle's Delphic Readings.
  1876 | D:3      | Reached XP level 4. HP: 33/33 MP: 7/7
  1882 | D:3      | Bought a scroll of teleportation for 42 gold pieces
  1882 | D:3      | Bought a scroll of identify for 28 gold pieces
  1882 | D:3      | Bought a scroll of enchant weapon for 105 gold pieces
  1953 | D:3      | You fall into a shaft and drop 3 floors!
  1970 | D:6      | Reached skill level 1 in Translocations
  2014 | D:6      | Noticed a wyvern
  2034 | D:6      | Killed a wyvern
  2035 | D:6      | Gained mutation: Your demonic aura sometimes causes spilled
                  | blood to erupt in flames. [demonic ancestry]
  2035 | D:6      | Reached XP level 5. HP: 8/38 MP: 4/8
  2161 | D:6      | Found a staircase to the Ecumenical Temple.
  2161 | D:6      | Noticed Prince Ribbit
  2266 | D:5      | Entered Level 5 of the Dungeon
  2353 | D:5      | Noticed an ogre
  2358 | D:5      | Killed an ogre
  2359 | D:5      | Reached skill level 5 in Polearms
  2359 | D:5      | Reached skill level 1 in Necromancy
  2359 | D:5      | Reached XP level 6. HP: 38/42 MP: 7/9
  2429 | D:4      | Found a transporter.
  2567 | D:4      | Reached skill level 5 in Conjurations
  2567 | D:4      | Reached XP level 7. HP: 33/50 MP: 10/10
  2967 | D:4      | Found an iron altar of Okawaru.
  2986 | D:4      | Found a transporter.
  3224 | D:4      | Found a radiant altar of Vehumet.
  3227 | D:4      | Found a hazy altar of Hepliaklqana.
  3704 | D:5      | Identified a scroll of acquirement
  3704 | D:5      | Acquired 700 gold pieces
  3773 | D:5      | Reached skill level 6 in Polearms
  4390 | D:6      | Noticed Menkaure
  4510 | D:6      | Found a blossoming altar of Fedhas.
  4776 | D:6      | Gained mutation: Your demonic aura often causes spilled
                  | blood to erupt in flames. [demonic ancestry]
  4776 | D:6      | Reached XP level 8. HP: 43/55 MP: 8/11
  4839 | D:6      | Noticed Grinder
  4839 | D:6      | Noticed Blork the orc
  4989 | D:6      | Killed Grinder
  4990 | D:6      | Reached skill level 7 in Polearms
  4994 | D:6      | Killed Prince Ribbit
  5156 | D:6      | Killed Menkaure
  5194 | Temple   | Entered the Ecumenical Temple
  5223 | Temple   | Became a worshipper of Makhleb the Destroyer
  5348 | D:6      | Found a snail-covered altar of Cheibriados.
  5401 | D:6      | Reached skill level 5 in Fighting
  5401 | D:6      | Reached skill level 8 in Polearms
  5756 | D:6      | Killed Blork the orc
  6123 | D:7      | Reached XP level 9. HP: 67/68 MP: 12/12
  6438 | D:7      | Found a runed translucent door.
  6439 | D:7      | Noticed Crazy Yiuf
  6463 | D:7      | Reached * piety under Makhleb
  6464 | D:7      | Reached skill level 9 in Polearms
  7017 | D:7      | Killed Crazy Yiuf
  7075 | D:8      | Noticed Maurice
  7115 | D:8      | Maurice changed into Maurice the water moccasin
  7115 | D:8      | Noticed Maurice
  7122 | D:8      | Killed Maurice the water moccasin
  7155 | D:8      | Found a staircase to the Lair.
  7315 | D:8      | Reached ** piety under Makhleb
  7316 | D:8      | Reached skill level 10 in Polearms
  7342 | D:8      | Reached skill level 1 in Invocations
  7615 | D:8      | Found a shadowy altar of Dithmenos.
  7615 | D:8      | Found a sacrificial altar of Ru.
  7624 | D:8      | Reached skill level 1 in Armour
  7808 | D:9      | Noticed a two-headed ogre
  7905 | D:9      | Noticed a kobold demonologist
  7918 | D:9      | Killed a kobold demonologist
  7965 | D:9      | Reached XP level 10. HP: 62/76 MP: 11/13
  8230 | D:9      | Found a shimmering blue altar of Sif Muna.
  8295 | D:9      | Noticed Gastronok
  8724 | D:9      | Reached skill level 5 in Invocations
  8810 | D:10     | Entered Level 10 of the Dungeon
  8869 | D:10     | Reached *** piety under Makhleb
  8916 | D:10     | Found a corrupted altar of Lugonu.
  9065 | D:10     | Noticed a rust devil
  9068 | D:10     | a kobold demonologist changed into a fire crab
  9068 | D:10     | Noticed a fire crab
  9272 | D:10     | Killed a fire crab
  9575 | D:9      | Reached skill level 11 in Polearms
  9680 | D:10     | Found Momoni Ruasm's General Store.
  9681 | D:10     | Found Eteall's Specific Store.
  9721 | D:10     | Noticed Joseph
  9769 | D:10     | Killed Joseph
 10088 | D:10     | Noticed a rust devil
 10090 | D:10     | Reached XP level 11. HP: 72/76 MP: 11/16
 10309 | D:10     | Found an ornate altar of the Wu Jian Council.
 10309 | D:10     | Found a basalt altar of Yredelemnul.
 10772 | D:11     | Gained mutation: You are frail. (-10% HP) [a neqoxec]
 10809 | D:10     | Reached skill level 5 in Armour
 11001 | D:11     | Noticed a boulder beetle
 11013 | D:11     | a boulder beetle changed into a jorogumo
 11013 | D:11     | Noticed a jorogumo
 11022 | D:11     | Killed a jorogumo
 11074 | D:11     | Noticed a two-headed ogre
 11083 | D:11     | Killed a two-headed ogre
 11232 | D:11     | Noticed a boulder beetle
 11316 | D:11     | Killed a boulder beetle
 11626 | Lair:1   | Entered Level 1 of the Lair of Beasts
 11817 | Lair:1   | Paralysed by a hornet for 2 turns
 11828 | Lair:1   | Noticed a death yak
 11832 | Lair:1   | Noticed a death yak
 11898 | Lair:2   | Found a staircase to the Shoals.
 12761 | Lair:2   | Noticed a catoblepas
 12778 | Lair:2   | Killed a catoblepas
 12905 | Lair:2   | Found a runed translucent gate.
 12906 | Lair:2   | Found a runed translucent gate.
 12907 | Lair:2   | Found a runed translucent gate.
 12907 | Lair:2   | Noticed snackwell's ghost (journeyman MfSh)
 12907 | Lair:2   | Noticed Monkooky's ghost (journeyman KoSh)
 13356 | Lair:2   | Reached skill level 12 in Polearms
 13979 | Lair:1   | Paralysed by a hornet for 1 turns
 14160 | Lair:1   | Paralysed by a hornet for 3 turns
 14188 | Lair:1   | Reached skill level 10 in Invocations
 14188 | Lair:1   | Gained mutation: You regenerate health from kills. [demonic
                  | ancestry]
 14188 | Lair:1   | Reached XP level 12. HP: 36/76 MP: 6/19
 14483 | Lair:1   | Paralysed by a hornet for 3 turns
 14494 | Lair:1   | Paralysed by a hornet for 3 turns
 14501 | Lair:1   | Paralysed by a hornet for 2 turns
 14596 | Lair:1   | Noticed a death yak
 14973 | Lair:3   | Noticed a catoblepas
 14976 | Lair:3   | Noticed Fannar
 15045 | Lair:3   | Reached skill level 10 in Fighting
 15099 | Lair:3   | Found a hole to the Spider Nest.
 15121 | Lair:3   | Killed from afar by a meliai

Illustrated notes

Levels and vault maps discovered:
D:1:      dpeg_arrival_fog, layout_loops_ring
D:2:      layout_rooms, hellmonk_ecumenical_altar_lost_god, minmay_statues_item
D:3:      layout_rooms, nicolae_nh_oracle_at_delphi
D:4:      gammafunk_steamed_eel, layout_cave_pools, nicolae_overflow_squiral,
          kennysheep_okawaru_gauntlet, minmay_misc_feat_doors
D:5:      layout_loops_cross, mainiacjoe_overflow_24_doors,
          mainiacjoe_overflow_tiny_flanked, minivault_25, minivault_19
D:6:      layout_basic, fedhas_altar_2, slow_altar_2,
          minmay_temple_entry_arrows, solitary_fountain, uniq_blork_the_orc,
          uniq_menkaure, uniq_prince_ribbit1, uniq_grinder
D:7:      layout_rooms, minivault_11, uniq_crazy_yiuf_cottage
D:8:      layout_basic, gammafunk_temple_overflow_pools, lair_entry_dummy,
          uniq_maurice
D:9:      layout_roguey [special_room_kobold], led_sif_pool, uniq_gastronok
D:10:     kennysheep_kobold_lugonu_temple, layout_irregular_city,
          gammafunk_temple_overflow_elements, minmay_misc_feat_ornament,
          chequers_serial_rivers_room_b, nicolae_specific_store, uniq_joseph
D:11:     layout_loops_ring, nicolae_neqoxec_dot_bat
Temple:   hellmonk_temple_rainy
Lair:1:   layout_loops_ring, dreamdust_wasp_nest
Lair:2:   layout_small_grid, shoals_dummy_entry, gammafunk_ghost_cemetery,
          grunt_megastairs_2
Lair:3:   layout_long_grid, hellmonk_spider_entry_not_the_bees, uniq_fannar

Skill      XL: |  1  2  3  4  5  6  7  8  9 10 11 12 |
---------------+-------------------------------------+-----
Polearms       | 3 4 5 6 8 10 11 12 | 12.6
Translocations | 2 |  2.0
Conjurations   | 4 5 6 |  6.0
Necromancy     | 1 2 |  2.0
Fighting       | 5 7 9 10 | 10.0
Invocations    | 3 7 10 | 10.1
Armour         | 2 4 6 |  6.1
Dodging        | |  1.7
Spellcasting   | |  2.0

Action                     |  1- 3 |  4- 6 |  7- 9 | 10-12 || total
---------------------------+-------+-------+-------+-------++-------
  Melee: Spear             |   174 |    96 |   119 |       ||   389
         Tailslap          |    11 |    14 |    47 |    56 ||   128
         Punch             |     2 |       |     3 |       ||     5
         Halberd           |       |       |   326 |   499 ||   825
   Cast: Kiss of Death     |       |     6 |     3 |     8 ||    17
         Momentum Strike   |       |     4 |    15 |    11 ||    30
 Invoke: Lesser Servant of |       |       |       |     8 ||     8
  Evoke: Wand              |       |       |    19 |    12 ||    31
    Use: Scroll            |       |     6 |    16 |     5 ||    27
         Potion            |       |     1 |     5 |     4 ||    10
   Stab: Sleeping          |     2 |       |       |       ||     2
         Invisible         |       |       |     3 |       ||     3
         Distracted        |       |       |       |     1 ||     1
 Armour: Leather armour    |    49 |     5 |       |       ||    54
         Ring mail         |       |    36 |   137 |   145 ||   318
         Skin              |       |       |       |     1 ||     1
  Dodge: Dodged            |    84 |    66 |   184 |   303 ||   637

Table legend: (Time is in decaauts)
 A = Elapsed time spent in this place.
 B = Non-inter-level travel time spent in this place.
 C = Inter-level travel time spent in this place.
 D = Time resting spent in this place.
 E = Time spent auto-exploring this place.
 F = Levels seen in this place.
 G = Mean time per level.
                   A        B        C        D        E       F      G
               +--------+--------+--------+--------+--------+-----+--------+
         Total |  15073 |  14312 |    761 |   4161 |   6463 |  15 | 1004.9 |
       Dungeon |  11536 |  10928 |    608 |   2764 |   5212 |  11 | 1048.7 |
        Temple |     43 |     30 |     13 |      0 |      0 |   1 |   43.0 |
          Lair |   3492 |   3352 |    140 |   1397 |   1251 |   3 | 1164.0 |
               +--------+--------+--------+--------+--------+-----+--------+

Top non-repeatable levels by time:
  Lair:2: 2183 daAuts
     D:6: 1871 daAuts
    D:10: 1734 daAuts
     D:9: 1384 daAuts
     D:5: 1184 daAuts
  Lair:1: 969 daAuts
     D:7: 968 daAuts
     D:8: 861 daAuts
     D:2: 848 daAuts
     D:1: 842 daAuts
     D:4: 774 daAuts
    D:11: 552 daAuts
     D:3: 513 daAuts
  Lair:3: 339 daAuts
  Temple: 43 daAuts
